 Dungeon Crawl Stone Soup version 0.22-a0-157-g169b76a (webtiles) character file.

21529 zxkuqyb the Destroyer (level 12, 0/71 HPs)
             Began as a Deep Elf Fire Elementalist on Feb 9, 2018.
             Was a High Priest of Vehumet.
             Slain by a spiny frog (16 damage)
             ... on level 3 of the Lair of Beasts.
             The game lasted 01:21:58 (17685 turns).

zxkuqyb the Destroyer (Deep Elf Fire Elementalist) Turns: 17685, Time: 01:21:58

Health: 0/71       AC: 11    Str:  5    XL:     12   Next: 55%
Magic:  5/30       EV: 13    Int: 26    God:    Vehumet [*****.]
Gold:   746        SH:  0    Dex: 15    Spells: 6/36 levels left

rFire    . . .     SeeInvis .   o - +2 falchion (slice)
rCold    + . .     Gourm    .   (no shield)
rNeg     . . .     Faith    .   a - +1 robe {rC+}
rPois    .         Spirit   .   G - +2 helmet
rElec    .         Reflect  .   L - +0 cloak
rCorr    .         Harm     .   (no gloves)
MR       +....                  (no boots)
Stlth    ++........             t - amulet of the acrobat
HPRegen  0.21/turn              p - +2 ring of protection
MPRegen  0.22/turn              u - +2 ring of protection

@: no status effects
A: no striking features
a: Renounce Religion


You were on level 3 of the Lair of Beasts.
You worshipped Vehumet.
Vehumet was extremely pleased with you.
You were hungry.

You visited 3 branches of the dungeon, and saw 14 of its levels.
You also visited: Sewer and Ossuary.

You collected 746 gold pieces.

Inventory:

Hand Weapons
 o - a +2 falchion of slicing (weapon)
 F - a +1 rapier of freezing
Missiles
 j - 5 javelins of penetration (quivered)
Armour
 a - a +1 robe of cold resistance (worn)
 G - a +2 helmet (worn)
 K - a +3 ring mail
 L - a +0 cloak (worn)
 W - the +1 robe of Objectivity {-Tele rF++ rC+ rN+}
   (You found it on level 1 of the Lair of Beasts)

   It greatly protects you from fire.
   It protects you from cold.
   It protects you from negative energy.
   It prevents most forms of teleportation.
Magical Staves
 T - an uncursed staff of wizardry
Jewellery
 g - an uncursed ring of positive energy
 m - an uncursed ring of protection from cold
 p - a +2 ring of protection (left hand)
 t - an amulet of the acrobat (around neck)
 u - a +2 ring of protection (right hand)
 H - an uncursed amulet of regeneration
 M - a +4 ring of slaying
 O - an uncursed ring of poison resistance
 U - an uncursed ring of magical power {unknown}
Wands
 v - a wand of acid (23)
 y - a wand of polymorph (12)
 N - a wand of scattershot (3)
 X - a wand of paralysis (11)
 Y - a wand of flame (43)
Scrolls
 b - a scroll of blinking
 d - 3 scrolls of identify
 i - 4 scrolls of remove curse
 l - 3 scrolls of enchant armour {unknown}
 n - 4 scrolls of enchant weapon {unknown}
 s - 4 scrolls of amnesia {unknown}
 A - 3 scrolls of teleportation
 B - 2 scrolls of random uselessness {unknown}
 C - 4 scrolls of fog {unknown}
 E - 2 scrolls of fear {unknown}
 I - a scroll of silence
 J - a scroll of summoning
Potions
 e - a potion of lignification {unknown}
 f - 2 potions of haste
 h - a potion of brilliance
 q - 3 potions of ambrosia
 w - 4 potions of flight
 x - 6 potions of curing
 z - 2 potions of agility
 D - 4 potions of might
 P - a potion of cancellation
 Q - 2 potions of resistance
Books
 R - a book of Callings

   Spells                             Type                      Level
   a - Summon Small Mammal            Summoning                    1
   b - Call Imp                       Summoning                    2
   c - Call Canine Familiar           Summoning                    3
   d - Summon Guardian Golem          Hexes/Summoning              3
   e - Summon Lightning Spire         Summoning/Air                4
   f - Summon Ice Beast               Ice/Summoning                4
 Z - a book of Misfortune

   Spells                             Type                      Level
   a - Confusing Touch                Hexes                        1
   b - Confuse                        Hexes                        3
   c - Gell's Gravitas                Translocation                3
   d - Petrify                        Transmutation/Earth          4
   e - Metabolic Englaciation         Hexes/Ice                    5
   f - Yara's Violent Unravelling     Hexes/Transmutation          5
Miscellaneous
 S - 2 boxes of beasts
Comestibles
 c - 19 rations


   Skills:
 + Level 6.6 Fighting
 - Level 2.4 Dodging
 - Level 2.4 Stealth
 + Level 12.8 Spellcasting
 * Level 14.5 Conjurations
 + Level 11.2 Fire Magic


You had 6 spell levels left.
You knew the following spells:

 Your Spells              Type           Power        Failure   Level  Hunger
a - Flame Tongue          Conj/Fire      #####        0%          1    None
b - Throw Flame           Conj/Fire      ######       1%          2    None
c - Conjure Flame         Conj/Fire      ######..     1%          3    None
d - Sticky Flame          Conj/Fire      ######..     1%          4    None
e - Fireball              Conj/Fire      ######....   1%          5    ###....
f - Magic Dart            Conj           ####         0%          1    None
g - Summon Lightning Spi  Summ/Air       ###.....     34%         4    None
h - Force Lance           Conj/Tloc      ######..     1%          4    None
i - Bolt of Cold          Conj/Ice       ######....   7%          6    #####..


Dungeon Overview and Level Annotations

Branches:
Dungeon (10/15)            Temple (1/1) D:5            Lair (3/6) D:10
  Swamp: Lair:2-4    Shoals: Lair:2-4     Snake: Lair:2-4    Spider: Lair:2-4
    Orc: D:9-12

Altars:
Ashenzari
Cheibriados
Dithmenos
Elyvilon
Fedhas
Gozag
Hepliaklqana
Kikubaaqudgha
Makhleb
Nemelex Xobeh
Okawaru
Qazlal
Ru
Sif Muna
Trog
Uskayaw
Vehumet
Wu Jian
Xom
Yredelemnul
Zin
The Shining One

Shops:
D:4 [


Message History

Aim: a spiny frog The sticky flame hits the spiny frog.
The spiny frog is lightly wounded.
The spiny frog is covered in liquid flames!
The spiny frog burns!
The spiny frog misses you. The spiny frog stings you.
* * * LOW HITPOINT WARNING * * *
You are lethally poisoned!
The spiny frog poisons you! The spiny frog closely misses you.
* * * LOW HITPOINT WARNING * * *
You feel sick.
The spiny frog burns!
* * * LOW HITPOINT WARNING * * *
You feel sick.
The spiny frog burns!
Found 12 stones.
* * * LOW HITPOINT WARNING * * *
You feel sick.
The spiny frog burns!
The spiny frog stops burning.
* * * LOW HITPOINT WARNING * * *
You feel sick. The spiny frog completely misses you.
You riposte.
You hit the spiny frog but do no damage.
You feel better. The spiny frog stings you!
You die...

,,,,***,,,,,***,**,,*,,,,*,,,,,*,
,,,,**,,,,,**,,,,,,**,,,,*,,***,*
,∩,,***,,,,,*,,...,**,....,,,,,*,
***** *,,,,,*,,...,,*.....,,,,,,<
*******,,,,*,,,...,**...##.,,,,,,
,,,,,+,,,,,**,,,..,##.......#,,**
**+**,,,,,,***##,.##.....#!..#***
*,,**,,,,..####.#+.#..........,,,
,,,,,,,,,.......@F............,,,
,,,,,,,,,........F............,,,
,,,,,,,,,.....................,,,
,,,,,,,,,.......P............,,,,
,,>,,,,,,..(.##P#..##...#..#.#*,*
,,+*,,,,,...#*####.###.##.#.##*,*
**,,,,,,,...* ###.#.##.+......,,,
,,,,,*,,,..,*##...............,,*
......#.....P*......#P.##.....,,*


You could see 2 spiny frogs.

Vanquished Creatures
  2 hydras
  2 centaur warriors (D:10)
  A sixfirhy (D:8)
  A cyclops (D:10)
  The ghost of Atlas the Insei, a novice OpTm of Cheibriados (D:5)
  2 black mambas
  3 spiny frogs (Lair:2)
  An efreet (D:10)
  A komodo dragon (Lair:3)
  2 trolls
  2 hornets
  4 blink frogs (Lair:2)
  2 hippogriffs
  2 wyverns (D:9)
  35 yaks
  A wraith (D:10)
  Eustachio (D:5)
  2 hungry ghosts
  4 water moccasins
  4 porcupines
  2 ice beasts
  2 sky beasts
  3 orc warriors
  A black bear (D:10)
  A necrophage (D:8)
  23 wolves
  8 ogres
  6 centaurs
  2 phantoms
  A crocodile (Lair:1)
  2 big kobolds
  9 bullfrogs
  3 scorpions
  A wight (D:10)
  4 electric eels (D:10)
  A howler monkey (D:10)
  5 crimson imps
  A jelly (D:8)
  A bullfrog zombie (D:9)
  7 hounds
  5 orc priests
  4 orc wizards (D:4)
  2 centaur zombies
  3 human zombies (Ossuary)
  3 bullfrog skeletons
  Crazy Yiuf (D:6)
  Terence (D:1)
  5 iguanas
  5 worker ants
  2 big kobold zombies (Ossuary)
  A hound zombie (D:7)
  3 hound skeletons (D:10)
  2 mummies (Ossuary)
  2 worker ant zombies
  6 adders
  3 gnolls (D:2)
  A howler monkey skeleton (D:4)
  A river rat (Sewer)
  A shadow imp (D:5)
  An ooze (D:4)
  An adder skeleton (D:6)
  3 adder zombies
  6 worms
  A dart slug (D:1)
  A leopard gecko (D:1)
  32 orcs
  7 bats
  10 giant cockroaches
  13 goblins
  6 hobgoblins
  13 jackals
  2 quokkas
  2 ball pythons
  8 frilled lizards
  10 hobgoblin zombies
  A jackal zombie (Ossuary)
  13 kobolds
  2 kobold skeletons (D:5)
  8 kobold zombies
  A leopard gecko zombie (D:6)
  15 orc zombies
  13 rats
  A bush (Lair:2)
  A fungus (Lair:2)
  A plant (Lair:2)
379 creatures vanquished.

Vanquished Creatures (others)
  A human (D:7)
  A jelly (D:10)
  A worker ant zombie (D:10)
  6 fungi
  3 plants
12 creatures vanquished.

Grand Total: 391 creatures vanquished

Notes
Turn   | Place    | Note
-------+----------+-------------------------------------------
     0 | D:1      | zxkuqyb the Deep Elf Fire Elementalist began the quest for the Orb.
     0 | D:1      | Reached XP level 1. HP: 10/10 MP: 6/6
   288 | D:1      | Reached XP level 2. HP: 2/15 MP: 2/8
   550 | D:1      | Learned a level 2 spell: Throw Flame
   583 | D:1      | Reached skill level 2 in Conjurations
   746 | D:1      | Reached XP level 3. HP: 18/19 MP: 0/10
   757 | D:1      | Learned a level 3 spell: Conjure Flame
  1295 | D:2      | Noticed Terence
  1323 | D:1      | Killed Terence
  1323 | D:1      | Reached skill level 3 in Conjurations
  1478 | D:2      | Reached XP level 4. HP: 18/24 MP: 4/11
  1484 | D:2      | Learned a level 4 spell: Sticky Flame
  1806 | D:2      | HP: 1/24 [gnoll (3)]
  2505 | D:3      | Found a white marble altar of Elyvilon.
  2527 | D:3      | Reached XP level 5. HP: 21/28 MP: 8/13
  2687 | D:3      | Found a glowing drain.
  2689 | D:3      | Reached skill level 4 in Conjurations
  2773 | Sewer    | Entered a sewer
  2942 | Sewer    | Found a glowing silver altar of Zin.
  3947 | D:4      | Found Dairuack's Armour Emporium.
  3962 | D:4      | Reached XP level 6. HP: 32/32 MP: 8/15
  4044 | D:4      | Reached skill level 5 in Spellcasting
  4138 | D:4      | Learned a level 5 spell: Fireball
  4215 | D:4      | Reached skill level 5 in Conjurations
  4323 | D:4      | Reached skill level 5 in Fire Magic
  4439 | D:4      | Reached XP level 7. HP: 36/36 MP: 8/17
  4653 | D:4      | Reached skill level 6 in Conjurations
  5033 | D:5      | Entered Level 5 of the Dungeon
  5396 | D:5      | Found a glowing golden altar of the Shining One.
  5713 | D:5      | Found a stormy altar of Qazlal.
  5729 | D:5      | Noticed Eustachio
  5741 | D:5      | Killed Eustachio
  5835 | D:5      | Noticed Atlas's ghost (novice OpTm)
  5842 | D:5      | Killed Atlas's ghost
  5842 | D:5      | Reached skill level 7 in Conjurations
  5842 | D:5      | Reached XP level 8. HP: 41/41 MP: 4/20
  6040 | D:5      | Found a staircase to the Ecumenical Temple.
  6048 | Temple   | Entered the Ecumenical Temple
  6197 | Temple   | Became a worshipper of Vehumet
  6527 | D:6      | Found a runed door.
  6531 | D:6      | Noticed Crazy Yiuf
  6533 | D:6      | Killed Crazy Yiuf
  6596 | D:6      | Reached skill level 8 in Conjurations
  7200 | D:6      | Reached skill level 9 in Conjurations
  7635 | D:7      | Reached * piety under Vehumet
  7635 | D:7      | Offered knowledge of Sting by Vehumet.
  7646 | D:7      | Reached XP level 9. HP: 33/46 MP: 3/23
  7725 | D:7      | Found a hide-covered altar of Uskayaw.
  7726 | D:7      | Noticed a dagger
  7726 | D:7      | Noticed a hand axe
  7841 | D:7      | Found a sand-covered staircase.
  7850 | Ossuary  | Entered an ossuary
  7946 | Ossuary  | Reached ** piety under Vehumet
  7946 | Ossuary  | Reached skill level 1 in Fighting
  7946 | Ossuary  | Offered knowledge of Magic Dart by Vehumet.
  7977 | Ossuary  | Learned a level 1 spell: Magic Dart
  8920 | D:7      | Found an ancient bone altar of Kikubaaqudgha.
  9385 | D:8      | Found a runed door.
  9398 | D:8      | Offered knowledge of Searing Ray by Vehumet.
  9405 | D:8      | Reached skill level 10 in Conjurations
  9579 | D:8      | Noticed a sixfirhy
  9584 | D:8      | Killed a sixfirhy
  9862 | D:8      | Found a glowing silver altar of Zin.
  9926 | D:8      | Found a blossoming altar of Fedhas.
  9926 | D:8      | Found an ornate altar of the Wu Jian Council.
 10419 | D:9      | Reached XP level 10. HP: 50/55 MP: 20/25
 10439 | D:9      | Reached *** piety under Vehumet
 10550 | D:9      | Reached skill level 11 in Conjurations
 10748 | D:9      | Reached skill level 10 in Spellcasting
 11373 | D:10     | Entered Level 10 of the Dungeon
 11522 | D:10     | Paralysed by a hornet for 2 turns
 11534 | D:10     | Offered knowledge of Static Discharge by Vehumet.
 11585 | D:10     | Reached skill level 12 in Conjurations
 11909 | D:10     | Noticed a cyclops
 11913 | D:10     | Killed a cyclops
 11913 | D:10     | Reached XP level 11. HP: 47/62 MP: 5/27
 12050 | D:10     | Noticed a centaur warrior
 12060 | D:10     | Killed a centaur warrior
 12497 | D:10     | Found a sacrificial altar of Ru.
 12498 | D:10     | Found a bloodstained altar of Trog.
 12498 | D:10     | Found a shadowy altar of Dithmenos.
 12498 | D:10     | Found an opulent altar of Gozag.
 12603 | D:10     | Noticed a centaur warrior
 12613 | D:10     | Killed a centaur warrior
 12635 | D:10     | Reached **** piety under Vehumet
 13068 | D:10     | Reached skill level 5 in Fighting
 13116 | D:10     | Found a staircase to the Lair.
 13348 | D:10     | Found a deep blue altar of Sif Muna.
 13434 | D:10     | Learned a level 4 spell: Summon Lightning Spire
 13745 | D:10     | Identified a scroll of acquirement
 13870 | Lair:1   | Entered Level 1 of the Lair of Beasts
 13908 | Lair:1   | Reached skill level 10 in Fire Magic
 14137 | Lair:1   | Offered knowledge of Force Lance by Vehumet.
 14137 | Lair:1   | Reached skill level 13 in Conjurations
 14178 | D:10     | Learned a level 4 spell: Force Lance
 14770 | Lair:1   | Got a crude robe
 14781 | Lair:1   | Identified the +1 robe of Objectivity {-Tele rF++ rC+ rN+} (You found it on level 1 of the Lair of Beasts)
 15859 | Lair:2   | Reached XP level 12. HP: 41/69 MP: 17/30
 16266 | Lair:2   | Reached ***** piety under Vehumet
 16318 | Lair:2   | Offered knowledge of Bolt of Cold by Vehumet.
 16326 | Lair:2   | Learned a level 6 spell: Bolt of Cold
 16509 | Lair:2   | Reached skill level 14 in Conjurations
 16650 | Lair:2   | Noticed a five-headed hydra
 16653 | Lair:2   | Killed a five-headed hydra
 17355 | Lair:2   | Found a bloodstained altar of Trog.
 17601 | Lair:3   | Noticed a five-headed hydra
 17656 | Lair:3   | HP: 3/71 [five-headed hydra (10)]
 17675 | Lair:3   | Killed a five-headed hydra
 17685 | Lair:3   | Slain by a spiny frog

Vault maps used:
D:1:      evilmike_arrival_crescent
D:2:      first_ration, uniq_terence
D:3:      elyvilon_altar_5, portal_sewer_entry_e
D:4:      serial_co_window_serial, co_window_of_opportunity_a,
          co_window_paths_a, co_window_paths_a, co_window_corner_a,
          co_window_paths_b, co_window_corner_b, co_window_broadway_a,
          co_window_corner_ca, co_window_2corner, co_window_2corner,
          co_window_unsneaky_path_a, co_window_cross_2, co_window_paths_e,
          glass_columns_b, glass_columns_a, glass_columns_a, glass_columns_c,
          glass_columns_c, serial_shops, nicolae_shop_crystal
D:5:      lemuel_doored_altar, minmay_temple_entry_butterflies,
          nicolae_tso_besieged_by_evil, uniq_eustachio
D:6:      uniq_crazy_yiuf_cottage
D:7:      dancing_weapons_uskayaw, nicolae_ossuary_entry_monument,
          tgw_kikubaaqudgha
D:8:      cheibrodos_shockbox, gammafunk_temple_overflow_elements,
          kennysheep_little_box
D:10:     minmay_the_grid_octo_tiled_squarecenter, erik_lair_island, basic_altar
Temple:   eino_temple_scatter_basement
Lair:1:   beast_lair_carwin_large_2, lemuel_fruit_tree,
          infiniplex_staircase_pool
Lair:2:   lemuel_centaur_altar, grunt_megastairs_5
Lair:3:   portal_ice_cave_demonic_guard, fungi_pond_lemuel,
          cheibrodos_lair_reptile_den, uniq_urug, uniq_gastronok
Sewer:    sewer_kobolds
Ossuary:  ossuary_tomb_1

Skill      XL: |  1  2  3  4  5  6  7  8  9 10 11 12 |
---------------+-------------------------------------+-----
Conjurations   | 2 3 4 5 7 9 10 12 13 14 | 14.5
Fire Magic     | 4 5 6 7 8 9 10 11 | 11.2
Spellcasting   | 4 5 7 8 9 10 12 | 12.8
Fighting       | 2 4 5 6 |  6.6
Dodging        | |  2.4
Stealth        | |  2.4

Action                   |  1- 3 |  4- 6 |  7- 9 | 10-12 || total
-------------------------+-------+-------+-------+-------++-------
Melee: Spear             |     1 |       |       |       ||     1
       Falchion          |       |    45 |   279 |   148 ||   472
       Staff             |       |       |       |     4 ||     4
Throw: Javelin           |    10 |     1 |       |       ||    11
 Cast: Flame Tongue      |    54 |    95 |    39 |    16 ||   204
       Conjure Flame     |     1 |     1 |     2 |       ||     4
       Sticky Flame      |       |     9 |    30 |    76 ||   115
       Throw Flame       |       |     1 |     1 |       ||     2
       Fireball          |       |       |    38 |   103 ||   141
       Magic Dart        |       |       |       |    29 ||    29
       Force Lance       |       |       |       |     4 ||     4
       Summon Lightning  |       |       |       |     3 ||     3
       Bolt of Cold      |       |       |       |     1 ||     1
Evoke: Wand              |       |       |       |     3 ||     3
  Use: Scroll            |     1 |       |    11 |    17 ||    29
       Potion            |       |       |       |     5 ||     5
 Stab: Sleeping          |       |     3 |     3 |       ||     6
  Eat: Chunk             |     2 |     9 |    24 |    28 ||    63
       Ration            |       |       |     2 |     2 ||     4
Armor: Robe              |     3 |    15 |   149 |    77 ||   244
Dodge: Dodged            |    14 |    73 |   213 |   253 ||   553
       Rpst.: Falchion   |     1 |    19 |    63 |    76 ||   159

Table legend:
 A = Spawn XP
 B = Non-spawn XP
 C = Spawn XP percentage of total XP
 D = Spawn monster count
 E = Non-spawn monster count
 F = Spawn count percentage of total count
 G = Total turns spent on level
                    A         B        C        D         E        F      G
               +---------+---------+-------+---------+---------+-------+---------
         Total |       0 |   30757 |   0.0 |       0 |     376 |   0.0 | 17685
               +---------+---------+-------+---------+---------+-------+---------
           D:1 |       0 |      85 |   0.0 |       0 |      26 |   0.0 |  1384
           D:2 |       0 |     103 |   0.0 |       0 |      32 |   0.0 |  1116
           D:3 |       0 |      64 |   0.0 |       0 |      23 |   0.0 |  1077
           D:4 |       0 |     475 |   0.0 |       0 |      21 |   0.0 |  1181
           D:5 |       0 |     949 |   0.0 |       0 |      19 |   0.0 |  1165
           D:6 |       0 |     876 |   0.0 |       0 |      29 |   0.0 |  1259
           D:7 |       0 |     488 |   0.0 |       0 |      12 |   0.0 |  1002
           D:8 |       0 |    2038 |   0.0 |       0 |      23 |   0.0 |  1165
           D:9 |       0 |    3073 |   0.0 |       0 |      22 |   0.0 |  1180
          D:10 |       0 |    6946 |   0.0 |       0 |      46 |   0.0 |  2496
        Lair:1 |       0 |    5601 |   0.0 |       0 |      33 |   0.0 |  1725
        Lair:2 |       0 |    6790 |   0.0 |       0 |      32 |   0.0 |  1683
        Lair:3 |       0 |    2856 |   0.0 |       0 |       9 |   0.0 |   187
         Sewer |       0 |     116 |   0.0 |       0 |      10 |   0.0 |   275
       Ossuary |       0 |     297 |   0.0 |       0 |      39 |   0.0 |   627
               +---------+---------+-------+---------+---------+-------+---------
